AoeStats
← Reinhardlunsen

Lombardia

510126922Analyzed
4v4 RM · 2d ago on Sep 29, 2026· 46m 31s· 8 players
Game mode
Random Map
Map size
Large (8 player)
Population
200
Speed
Normal
Resources
Standard
Victory
Conquest
Starting age
Dark Age
Ending age
Imperial Age
RankedLock teamsTeams togetherTeam positionsShared explorationLock speedFull tech treeHidden civsTurbo modeCheats
Victory
Defeat
🇮🇹 Sicilians · Italy
1611
+13
🇩🇪 Bengalis · Germany
1590
+14
🇨🇳 Persians · China
1552
+15
🇯🇵 Mongols · Japan
1530
+16
🇩🇪 Varangians · Germany
1588
-17
🇮🇹 Mongols · Italy
1540
-15
🇨🇭 Berbers · Switzerland
1510
-13
🇹🇷 Bengalis · Türkiye
1499
-13
Reinhardlunsen
6:55 Loom
9:46 Feudal Age
10:35 Double-Bit Axe
14:35 Horse Collar
20:14 Castle Age
18:27 Bloodlines
19:19 Scale Barding Armor
20:12 Forging
21:12 Bow Saw
21:06 Heavy Plow
23:11 Wheelbarrow
32:26 Imperial Age
30:02 Gold Mining
31:57 Husbandry
31:59 Town Watch
33:44 Conscription
34:34 Chain Barding Armor
35:06 Iron Casting
35:18 Elite Jarl
37:19 Plate Barding Armor
37:20 Fletching
38:02 Ballistics
38:47 Caravan
38:33 Capped Ram
39:32 Masonry
41:04 Blast Furnace
44:45 Bodkin Arrow
45:23 Fortified Wall
45:43 Architecture
flowaway4
7:36 Loom
9:45 Feudal Age
10:25 Double-Bit Axe
11:54 Horse Collar
19:05 Castle Age
19:17 Bloodlines
19:19 Forging
20:02 Bow Saw
20:57 Wheelbarrow
20:26 Heavy Plow
23:46 Fervor
25:00 Scale Barding Armor
25:54 Light Cavalry
27:19 Stone Mining
27:21 Gold Mining
27:24 Stone Mining
27:47 Town Watch
32:04 Imperial Age
29:45 Fletching
30:35 Bodkin Arrow
31:07 Ballistics
32:00 Padded Archer Armor
32:45 Kasbah
33:02 Leather Archer Armor
33:35 Conscription
33:17 Maghrebi Camels
33:49 Hand Cart
35:12 Chemistry
34:15 Bracer
34:32 Husbandry
34:21 Elite Camel Archer
35:17 Caravan
36:16 Ring Archer Armor
36:33 Heavy Camel Rider
37:34 Chain Barding Armor
37:50 Iron Casting
38:19 Fortified Wall
38:20 Masonry
39:41 Plate Barding Armor
39:11 Hussar
43:31 Blast Furnace
44:27 Hoardings
44:25 Murder Holes
44:11 Treadmill Crane
45:43 Crop Rotation
46:23 Scale Mail Armor
Apep
11:15 Feudal Age
16:20 Castle Age
14:05 Horse Collar
14:11 Double-Bit Axe
17:44 Bow Saw
19:30 Heavy Plow
21:58 Wheelbarrow
24:58 Hand Cart
24:40 Gold Mining
26:27 Gold Shaft Mining
27:22 Fletching
30:25 Imperial Age
27:56 Padded Archer Armor
28:18 Ballistics
28:07 Bodkin Arrow
28:15 Caravan
29:04 Leather Archer Armor
31:05 Husbandry
31:14 Bracer
32:15 Chemistry
30:39 Elite Elephant Archer
31:32 Bloodlines
31:36 Guilds
31:49 Loom
31:53 Loom
32:33 Paiks
32:49 Conscription
39:52 Ring Archer Armor
Evol_
8:46 Feudal Age
9:43 Double-Bit Axe
10:20 Horse Collar
11:18 Loom
18:37 Castle Age
20:07 Bow Saw
20:04 Heavy Plow
24:33 Wheelbarrow
26:56 Hand Cart
28:05 Fletching
31:50 Imperial Age
29:21 Fletching
30:13 Ballistics
29:43 Town Watch
30:39 Bodkin Arrow
31:10 Bloodlines
31:01 Husbandry
31:05 Padded Archer Armor
32:02 Thumb Ring
33:04 Conscription
32:23 Capped Ram
32:55 Elite Mangudai
34:56 Bracer
36:00 Chemistry
35:50 Leather Archer Armor
37:17 Caravan
37:26 Siege Ram
38:44 Onager
40:17 Pikeman
40:19 Heavy Camel Rider
41:13 Forging
41:08 Scale Barding Armor
42:40 Iron Casting
43:18 Chain Barding Armor
tktk
8:55 Feudal Age
10:17 Wheelbarrow
10:51 Double-Bit Axe
11:03 Horse Collar
14:12 Forging
14:59 Loom
20:06 Castle Age
20:02 Stone Mining
21:01 Bow Saw
20:53 Heavy Plow
22:25 Gold Mining
23:26 Stone Shaft Mining
23:31 Town Watch
25:16 Hand Cart
30:26 Imperial Age
29:10 Fletching
30:01 Bodkin Arrow
30:34 Thumb Ring
31:12 Padded Archer Armor
31:47 Ballistics
32:33 Conscription
32:17 Bracer
33:56 Chemistry
34:06 Padded Archer Armor
35:04 Parthian Tactics
34:52 Bloodlines
34:42 Husbandry
35:52 Caravan
36:23 Coinage
36:29 Elite Mangudai
38:15 Leather Archer Armor
38:40 Onager
41:09 Capped Ram
42:25 Siege Ram
44:10 Drill
44:31 Hoardings
43:55 Murder Holes
44:11 Masonry
45:14 Iron Casting
44:45 Scale Barding Armor
DoubleZX
11:14 Feudal Age
12:27 Horse Collar
15:01 Castle Age
16:39 Wheelbarrow
15:57 Double-Bit Axe
16:48 Bow Saw
18:49 Heavy Plow
20:56 Town Watch
21:38 Gold Mining
23:07 Stone Mining
25:45 Hand Cart
28:24 Imperial Age
27:27 Ballistics
26:58 Fletching
28:58 Bodkin Arrow
29:03 Padded Archer Armor
28:27 Elite Elephant Archer
30:29 Chemistry
30:04 Crop Rotation
30:38 Two-Man Saw
29:49 Bloodlines
29:40 Husbandry
30:07 Conscription
30:25 Caravan
31:59 Paiks
32:10 Bracer
32:28 Leather Archer Armor
35:05 Mahayana
35:25 Loom
37:15 Murder Holes
38:14 Masonry
38:10 Siege Engineers
41:48 Architecture
41:29 Fortified Wall
43:01 Siege Elephant
啥牌子的
10:41 Feudal Age
14:38 Castle Age
12:40 Double-Bit Axe
13:06 Horse Collar
16:00 Bow Saw
19:42 Heavy Plow
25:00 Wheelbarrow
29:28 Imperial Age
26:44 Town Watch
27:15 Hand Cart
26:46 Loom
27:32 Gold Mining
27:35 Stone Mining
27:59 Scale Barding Armor
28:23 Forging
29:30 Chain Barding Armor
29:15 Caravan
29:47 Coinage
30:51 Two-Man Saw
30:22 Crop Rotation
30:29 Iron Casting
30:54 Husbandry
31:04 Bloodlines
31:31 Plate Barding Armor
32:16 Blast Furnace
31:24 Town Patrol
31:59 Fletching
32:46 Banking
32:53 Conscription
33:15 Elite War Elephant
34:30 Bodkin Arrow
36:05 Ballistics
37:42 Gold Shaft Mining
37:43 Stone Shaft Mining
41:58 Hoardings
41:34 Citadels
Zoccolo Fitusu
11:10 Feudal Age
15:23 Castle Age
13:41 Double-Bit Axe
14:02 Horse Collar
16:41 Bow Saw
18:26 Loom
22:25 Wheelbarrow
23:32 Gold Mining
23:44 Heavy Plow
24:55 Hand Cart
25:13 Scale Mail Armor
26:11 Squires
27:01 Forging
29:36 Imperial Age
26:48 Pikeman
29:12 Chain Mail Armor
29:32 Iron Casting
29:41 Halberdier
30:45 Conscription
30:26 Stone Mining
31:40 Plate Mail Armor
32:11 Blast Furnace
31:54 Crop Rotation
32:01 Gold Shaft Mining
32:03 Stone Shaft Mining
31:39 Elite Serjeant
33:16 Arson
34:06 Caravan
35:57 Fletching
36:13 Scale Barding Armor
36:49 Masonry
37:40 Chemistry
38:03 First Crusade
42:02 Ballistics
41:34 Capped Ram
43:23 Hoardings
43:07 Murder Holes
43:20 Bodkin Arrow
42:57 Heavy Scorpion
43:31 Siege Ram
44:50 Bracer
45:49 Siege Engineers
Connection lost

Rejoining the realm…

Still unreachable

The connection could not be restored.

Session expired

The server has moved on; the page needs a fresh start.